 Dungeon Crawl Stone Soup version 0.26-a0-835-g8259106e14 (webtiles) character file.

Game seed: 1233484166458788343

332 Kinoniko the Cutter (level 6, -1/41 HPs)
             Began as a Halfling Fighter on Nov 17, 2020.
             Slain by an ogre
             ... wielding a cursed -2 giant club
              (19 damage)
             ... on level 3 of the Dungeon.
             The game lasted 00:03:31 (3485 turns).

Kinoniko the Cutter (Halfling Fighter)              Turns: 3485, Time: 00:03:33

Health: -1/41      AC:  9    Str: 16 (17) XL:     6   Next: 82%
Magic:  6/6        EV:  8    Int:  6 (7)  God:
Gold:   81         SH:  0    Dex: 13 (15) Spells: 5/5 levels left

rFire    . . .     SeeInvis .   a - +0 rapier
rCold    . . .     Faith    .   (shield restricted)
rNeg     . . .     Spirit   .   f - +0 chain mail
rPois    .         Reflect  .   (helmet restricted)
rElec    .         Harm     .   (no cloak)
rCorr    .         Rampage  .   (no gloves)
MR       .....                  (no boots)
Stlth    ..........             (no amulet)
HPRegen  0.13/turn              (no ring)
MPRegen  0.10/turn              (no ring)

@: no status effects
A: small, beak, mutation resistance 1
a: no special abilities


You were on level 3 of the Dungeon.
You visited 1 branch of the dungeon, and saw 4 of its levels.

You collected 81 gold pieces.

Inventory:

Hand Weapons
 a - a +0 rapier (weapon)
Armour
 b - a +0 scale mail
 c - a +0 kite shield
 d - a +0 helmet
 f - a +0 chain mail (worn)
Jewellery
 l - an uncursed amulet of reflection {unknown}
Scrolls
 e - 2 scrolls of remove curse {unknown}
 g - 4 scrolls of identify {unknown}
 h - 3 scrolls of teleportation {unknown}
 k - a scroll of enchant weapon {unknown}
 m - a scroll of noise {unknown}
Potions
 j - a potion of heal wounds {unknown}


   Skills:
 - Level 2.6 Fighting
 + Level 5.9 Short Blades
 - Level 3.2 Armour
 + Level 5.2 Stealth
 - Level 3.2 Shields


You had 5 spell levels left.
You didn't know any spells.
Your spell library was empty.

Dungeon Overview and Level Annotations

Branches:
Dungeon (4/15)
 Temple: D:4-7

Altars:
Uskayaw


Innate Abilities, Weirdness & Mutations

You are small and have problems with some larger weapons.
You are somewhat resistant to further mutation.
You have a beak for a mouth.


Message History

The howler monkey hits you. The adder bites you but does no damage.
The ogre closely misses you.
You climb upwards.
There is a stone staircase leading down here.
You miss the leopard gecko. The adder barely misses you.
The leopard gecko bites you.
The howler monkey hits you but does no damage.
You barely miss the leopard gecko. The adder barely misses you.
The leopard gecko bites you but does no damage.
The howler monkey hoots and howls with incredible vigour!
The ogre hits you with a cursed -2 giant club!
Unknown command.
It was a potion of degeneration.
There was something very wrong with that liquid.
You feel weakened.
You feel dopey.
You feel clumsy. The adder barely misses you.
The leopard gecko completely misses you.
The howler monkey hits you but does no damage.
The ogre hits you with a cursed -2 giant club!!
You die...

#.# #.# #.## ##.# # #.#
#.# ##.## ##.## # #.#
#.# ##.###.## # #.#
#.#######.#.## # #.#
#..........## #.#
#.########## #.#
#.###### #.#######
#SO....#
#.......########@####.#
#..####.#......lh# #.#
#..# #....#.#########.#
...###.............##.#
..............####.##.#
.########....## #.##.#
.# #.#.##
#.##.########### .#
#.#.# #.##.##≈##....).
.# #.#.#
#.#..≈.≈##.#####


You could see an ogre, a howler monkey, an adder and a leopard gecko.

Vanquished Creatures
  A centaur (D:3)
  Jessica (D:2)
  Natasha (thrice) (D:3)
  Robin (D:2)
  3 adders
  3 worms
  3 dart slugs (D:1)
  A leopard gecko (D:1)
  3 giant cockroaches
  20 goblins
  6 hobgoblins
  15 jackals
  3 quokkas (D:3)
  2 ball pythons (D:2)
  7 bats
  3 frilled lizards
  10 kobolds
  10 rats
95 creatures vanquished.

Notes
Turn   | Place    | Note
-------+----------+-------------------------------------------
     0 | D:1      | Kinoniko the Halfling Fighter began the quest for the Orb.
     0 | D:1      | Reached XP level 1. HP: 15/15 MP: 1/1
    99 | D:1      | Reached skill level 1 in Stealth
   100 | D:1      | Reached XP level 2. HP: 12/20 MP: 2/2
   550 | D:1      | Reached XP level 3. HP: 23/25 MP: 3/3
  1128 | D:2      | Noticed Robin
  1148 | D:2      | Reached XP level 4. HP: 29/30 MP: 4/4
  1154 | D:2      | Killed Robin
  1373 | D:2      | Noticed Jessica
  1388 | D:2      | Killed Jessica
  1389 | D:2      | Reached XP level 5. HP: 24/35 MP: 5/5
  2081 | D:2      | Found a faded altar of an unknown god.
  2142 | D:3      | Noticed Natasha
  2167 | D:3      | Gained mutation: You have a beak for a mouth. [potion of
                  | mutation]
  2172 | D:3      | Killed Natasha
  2473 | D:3      | Reached skill level 5 in Short Blades
  2676 | D:3      | Noticed a centaur
  2683 | D:3      | Killed a centaur
  2684 | D:3      | Reached XP level 6. HP: 38/41 MP: 6/6
  2910 | D:3      | Found a hide-covered altar of Uskayaw.
  2973 | D:3      | Noticed Natasha
  2987 | D:3      | Killed Natasha
  2988 | D:3      | Reached skill level 5 in Stealth
  3109 | D:3      | Noticed Natasha
  3116 | D:3      | Killed Natasha
  3471 | D:4      | Noticed an ogre
  3485 | D:3      | Slain by an ogre

Illustrated notes

Levels and vault maps discovered:
D:1:      dpeg_arrival_long_road, layout_basic, minmay_liquid_box
D:2:      layout_basic, chequers_ecumenical_altar_twisty,
          minmay_indecisive_spiral, uniq_robin, uniq_jessica
D:3:      layout_loops_ring, old_standard_altar, kennysheep_doodads,
          chequers_serial_rivers_micro_e, uniq_natasha
D:4:      layout_rooms, grunt_qazlal_clouds, serial_glass, glass_columns_b,
          glass_columns_b, minmay_surrounded

Skill      XL: |  1  2  3  4  5  6 |
---------------+-------------------+-----
Stealth        | 1 2 3 4 5 |  5.2
Short Blades   | 3 4 5 |  5.9
Fighting       | |  2.6
Armour         | |  3.2
Shields        | |  3.2

Action                   |  1- 3 |  4- 6 || total
-------------------------+-------+-------++-------
Melee: Rapier            |   111 |   210 ||   321
       Peck              |       |    21 ||    21
  Use: Potion            |     1 |     5 ||     6
Armor: Scale mail        |    17 |       ||    17
       Chain mail        |    50 |   125 ||   175
Dodge: Dodged            |    58 |   118 ||   176
Block: Kite shield       |    14 |       ||    14

Table legend: (Time is in decaauts)
 A = Elapsed time spent in this place.
 B = Non-inter-level travel time spent in this place.
 C = Inter-level travel time spent in this place.
 D = Time resting spent in this place.
 E = Time spent auto-exploring this place.
 F = Levels seen in this place.
 G = Mean time per level.
                   A        B        C        D        E       F      G
               +--------+--------+--------+--------+--------+-----+--------+
         Total |   3501 |   3452 |     49 |    331 |   2502 |   4 |  875.2 |
       Dungeon |   3501 |   3452 |     49 |    331 |   2502 |   4 |  875.2 |
               +--------+--------+--------+--------+--------+-----+--------+

Top non-repeatable levels by time:
     D:2: 1346 daAuts
     D:3: 1083 daAuts
     D:1: 1064 daAuts
     D:4: 6 daAuts
